 Dungeon Crawl Stone Soup version 0.30-a0-1-g69b7b797bf (webtiles) character file.

Game seed: 11763259469259268553

36 BritishOli the Trooper (level 3, 29/29 HPs)
             Began as a Demonspawn Fighter on Aug 19, 2022.
             Was an Initiate of Ashenzari.
             Got out of the dungeon alive.
             The game lasted 00:00:53 (1398 turns).

BritishOli the Trooper (Demonspawn Fighter)         Turns: 1398, Time: 00:00:54

Health: 29/29      AC:  6    Str: 18    XL:     3   Next: 19%
Magic:  3/3        EV:  9    Int:  9    God:    Ashenzari [......]
Gold:   80         SH:  4    Dex: 12    Spells: 2/2 levels left

rFire   . . .      SeeInvis .    a - +0 long sword
rCold   . . .      Faith    .    c - +0 buckler
rNeg    . . .      Spirit   .    b - +0 scale mail
rPois   .          Reflect  .    (no helmet)
rElec   .          Harm     .    (no cloak)
rCorr   .          Rampage  .    (no gloves)
Will    .....                    (no boots)
Stlth   ..........               (no amulet)
HPRegen 0.09/turn                (no ring)
MPRegen 0.08/turn                (no ring)

@: no status effects
A: powered by pain 1
a: Renounce Religion, Curse Item


You escaped.
You worshipped Ashenzari.
Ashenzari was noncommittal.
You visited 1 branch of the dungeon, and saw 1 of its levels.

You collected 80 gold pieces.

Inventory:

Hand Weapons
 a - a +0 long sword (weapon)
Armour
 b - a +0 scale mail (worn)
 c - a +0 buckler (worn)
Jewellery
 f - a +6 ring of intelligence
Scrolls
 e - 3 scrolls of identify {unknown}
Potions
 d - a potion of might
 g - a potion of lignification {unknown}
 h - 2 potions of attraction {unknown}


   Skills:
 + Level 3.3 Fighting
 + Level 2.2 Long Blades
 + Level 3.0 Armour
 + Level 3.0 Shields


You had 2 spell levels left.
You didn't know any spells.
Your spell library was empty.

Dungeon Overview and Level Annotations

Branches:
Dungeon (1/15)

Altars:
Ashenzari


Innate Abilities, Weirdness & Mutations

You sometimes gain a little power by taking damage.


Message History

You now have 80 gold pieces (gained 5).
You open the door.
There is an open door here.
You open the door.
Key pressed, stopping explore.
No target in view!
There is an open door here.
You enter the shallow water.
Moving in this stuff is going to be slow.
You see here a rat skeleton.
You enter the shallow water.
Moving in this stuff is going to be slow.
Found a faded altar of an unknown god.
No target in view!
Done exploring.
Done exploring.
No target in view!
Done exploring.
No target in view!
Done exploring.
No target in view!
Done exploring.
Done exploring.
No target in view!
There is a faded altar of an unknown god here.
You cannot tell which god this altar belongs to.
Convert to them anyway?
Ashenzari accepts your prayer! Ashenzari welcomes you!
Ashenzari warns you of distant threats and treasures.
Ashenzari reveals the structure of the dungeon to you.
Ashenzari shows you where magical portals lie.
(D) Dungeon
Where to? (? - help)
Okay, then.
You enter the shallow water.
Moving in this stuff is going to be slow.
Ashenzari invites you to partake of a vision and a curse of cunning and ranged combat.
You enter the shallow water.
Moving in this stuff is going to be slow.
There is a staircase leading out of the dungeon here.
Are you sure you want to leave the Dungeon?
This will make you lose the game!
You have escaped!

..####.##....##..........'.......
..##....#..#..##..####...######'#
.##.[..####.#..#### #...# #....
.#..##.## ##.#.#..## #...# #....
.#.###..######.....# #...# #....
.#..[.....## #.#.#.# #...######'#
.#...####..# ##...)# #..........#
.##..# ##.# #....# ####.......#
.#..## #### ##@### #......##
.#.## ####.#############......##
.### #................#......##
..# ###...##.#######.#......# ..#
#...##..........##+#### ..#
#)..##..#..##...##.##### ####
#..........##........... #.P####
#..........##.#..#.#....
#P.PPP####................#.#.###


There were no monsters in sight!

Vanquished Creatures
  A dart slug (D:1)
  A bat (D:1)
  4 endoplasms (D:1)
  2 giant cockroaches (D:1)
  5 goblins (D:1)
  A hobgoblin (D:1)
  3 jackals (D:1)
  2 kobolds (D:1)
  2 quokkas (D:1)
  2 ball pythons (D:1)
  3 frilled lizards (D:1)
  3 rats (D:1)
29 creatures vanquished.

Notes
Turn   | Place    | Note
-------+----------+-------------------------------------------
     0 | D:1      | BritishOli the Demonspawn Fighter began the quest for the
                  | Orb.
     0 | D:1      | Reached XP level 1. HP: 18/18 MP: 1/1
   110 | D:1      | Gained mutation: You sometimes gain a little power by
                  | taking damage. [demonic ancestry]
   110 | D:1      | Reached XP level 2. HP: 16/24 MP: 2/2
   769 | D:1      | Reached XP level 3. HP: 24/29 MP: 3/3
  1256 | D:1      | Found a faded altar of an unknown god.
  1263 | D:1      | Prayed at the altar of an unknown god.
  1263 | D:1      | Became a worshipper of Ashenzari the Shackled
  1398 | D:$      | Got out of the dungeon alive.

Illustrated notes

Levels and vault maps discovered:
D:1:      lemuel_arrival_tunnels, layout_basic,
          shapermc_ecumenical_altar_hornbeckon

Skill      XL: |  1  2 |
---------------+-------+-----
Long Blades    | 2 |  2.2
Armour         | 3 |  3.0
Shields        | 3 |  3.0
Fighting       | |  3.3

Action                   || total
-------------------------++-------
Melee: Long sword        ||    78
Armor: Scale mail        ||    49
Dodge: Dodged            ||    39
Block: Buckler           ||    16

Table legend: (Time is in decaauts)
 A = Elapsed time spent in this place.
 B = Non-inter-level travel time spent in this place.
 C = Inter-level travel time spent in this place.
 D = Time resting spent in this place.
 E = Time spent auto-exploring this place.
 F = Levels seen in this place.
 G = Mean time per level.
                   A        B        C        D        E       F      G
               +--------+--------+--------+--------+--------+-----+--------+
         Total |   1432 |   1297 |    135 |     15 |   1102 |   1 | 1432.0 |
       Dungeon |   1432 |   1297 |    135 |     15 |   1102 |   1 | 1432.0 |
               +--------+--------+--------+--------+--------+-----+--------+

Top non-repeatable levels by time:
     D:1: 1432 daAuts
